 Dungeon Crawl Stone Soup version 0.25-a0-458-g6fc7858b95 (webtiles) character file.

Game seed: 8190507219551403904, levelgen mode: deterministic

13444 Hasart the Destroyer (level 11, -7/74 HPs)
             Began as a Demigod Wizard on Feb 3, 2020.
             Mangled by Jorgrun
             ... wielding an uncursed staff of earth
              (10 damage)
             ... on level 1 of the Orcish Mines.
             The game lasted 01:17:07 (20779 turns).

Hasart the Destroyer (Demigod Wizard)              Turns: 20779, Time: 01:17:07

Health: -7/74      AC:  8    Str: 15    XL:     11   Next: 47%
Magic:  23/26      EV:  9    Int: 28    God:
Gold:   695        SH:  4    Dex: 14    Spells: 11/24 levels left

rFire    + . .     SeeInvis +   w - +0 dagger (elec)
rCold    . . .     Gourm    .   R - +0 buckler
rNeg     . . .     Faith    .   O - +1 ring mail {rF+}
rPois    .         Spirit   .   J - +0 helmet
rElec    .         Reflect  .   (no cloak)
rCorr    .         Harm     .   a - +0 pair of gloves
MR       +....                  (no boots)
Stlth    +.........             (no amulet)
HPRegen  0.22/turn              b - ring of see invisible
MPRegen  0.20/turn              E - ring of wizardry

@: mighty, grasped by roots, very slightly contaminated, constricted, drained
A: high mp 1
a: no special abilities


You were on level 1 of the Orcish Mines.
You were not hungry.

You visited 2 branches of the dungeon, and saw 14 of its levels.

You collected 871 gold pieces.
You spent 176 gold pieces at shops.

Inventory:

Hand Weapons
 w - a +0 dagger of electrocution (weapon)
 D - a +1 falchion of holy wrath
 N - the +9 arbalest of Extremism {freeze, Int+5}
   (You found it on level 7 of the Dungeon)

   It causes projectiles fired from it to freeze those they strike, causing
   extra injury to most foes and up to half again as much damage against
   particularly susceptible opponents.
   They can also slow down cold-blooded creatures.
   It affects your intelligence (+5).
Missiles
 f - 56 poisoned darts (quivered)
 j - 15 atropa-tipped darts
 l - 20 bolts
Armour
 a - a +0 pair of gloves (worn)
 k - a +1 ring mail of cold resistance
 J - a +0 helmet (worn)
 O - a +1 ring mail of fire resistance (worn)
 R - a +0 buckler (worn)
Jewellery
 b - a ring of see invisible (left hand)
 t - a +3 ring of dexterity
 E - a ring of wizardry (right hand)
 M - an uncursed ring of positive energy
Wands
 r - a wand of disintegration (6)
 K - a wand of flame (30)
 S - a wand of paralysis (10)
 V - a wand of digging (3)
Scrolls
 h - 4 scrolls of teleportation
 i - 3 scrolls of identify
 n - 2 scrolls of enchant weapon {unknown}
 p - 7 scrolls of remove curse
 s - 4 scrolls of immolation {unknown}
 x - 4 scrolls of amnesia
 y - a scroll of silence {unknown}
 F - 3 scrolls of magic mapping
 G - a scroll of random uselessness {unknown}
 H - a scroll of brand weapon {unknown}
 I - a scroll of enchant armour {unknown}
 P - a scroll of acquirement {unknown}
 U - a scroll of fear {unknown}
Potions
 c - 2 potions of resistance {unknown}
 e - 3 potions of might
 g - a potion of lignification {unknown}
 m - 2 potions of heal wounds {unknown}
 o - a potion of haste {unknown}
 q - a potion of flight
 u - 2 potions of curing {unknown}
 v - a potion of agility {unknown}
 z - a potion of ambrosia {unknown}
 A - 2 potions of magic {unknown}
 B - a potion of mutation {unknown}
 C - 3 potions of degeneration {unknown}
 L - a potion of brilliance {unknown}
 Q - a potion of cancellation {unknown}
Comestibles
 d - 29 rations


   Skills:
 - Level 4.0(3.3) Crossbows
 - Level 3.0(2.3) Throwing
 - Level 5.0(4.2) Dodging
 - Level 1.7(1.1) Stealth
 + Level 2.3(1.7) Shields
 + Level 7.3(6.5) Spellcasting
 * Level 10.5(9.7) Conjurations
 - Level 7.0(6.2) Summonings
 - Level 0.8(0.2) Translocations
 - Level 4.0(3.3) Air Magic
 - Level 4.0(3.3) Poison Magic


You had 11 spell levels left.
You knew the following spells:

 Your Spells              Type           Power        Failure   Level  Hunger
a - Magic Dart            Conj           ####         1%          1    None
b - Blink                 Tloc           N/A          9%          2    None
c - Call Canine Familiar  Summ           #####...     1%          3    None
d - Mephitic Cloud        Conj/Pois/Air  #####...     1%          3    None
e - Summon Lightning Spi  Summ/Air       #####...     9%          4    ###....

Your spell library contained the following spells:

 Spells                   Type           Power        Failure   Level  Hunger
 Summon Small Mammal      Summ           ####         1%          1    None
 Call Imp                 Summ           #####...     1%          2    None
 Conjure Flame            Conj/Fire      #####...     2%          3    None
 Summon Guardian Golem    Hex/Summ       ####....     5%          3    None
 Infusion                 Chrm           #...         6%          1    None
 Shroud of Golubria       Chrm/Tloc      #.....       9%          2    None
 Slow                     Hex            #.......     10%         2    None
 Song of Slaying          Chrm           #.......     10%         2    None
 Summon Ice Beast         Ice/Summ       ####....     16%         4    ###....
 Ozocubu's Armour         Chrm/Ice       #.......     19%         3    None
 Spectral Weapon          Hex/Chrm       #.......     19%         3    None


Dungeon Overview and Level Annotations

Branches:
Dungeon (12/15)            Temple (0/1) D:7            Lair (0/6) D:9
    Orc (2/2) D:11
    Elf: Orc:2

Shops:
D:7 }   Orc:1 (

Annotations:
Orc:1 Jorgrun
Orc:2 Saint Roka


Innate Abilities, Weirdness & Mutations

You have an increased reservoir of magic. (+10% MP)


Message History

Jorgrun crushes you!
* * * LOW HITPOINT WARNING * * *
The grasping roots constrict you.
The orc priest begins to cast a cantrip, but forgets the words!
The orc sorcerer hits you but does no damage.
The orc hits you but does no damage. Jorgrun gestures at you while chanting.
The iron shot hits you!!
* * * LOW HITPOINT WARNING * * *
x2 The grasping roots constrict you.
You turn to flesh and can move again.
Unknown command.
Okay, then.
Okay, then.
It was a potion of might.
You feel very mighty all of a sudden.
The hellwing swoops through the air toward you!
You block the hellwing's attack. The hellwing barely misses you.
Jorgrun hits you with an uncursed staff of earth!
You die...

**,*,*,,.O....,^,*
##......
*,,,**,,......,,,**
#.......
,,,**,,,∩.....,,,,*
#...#...
*,**,,,,...)..#,,**
##..###..
*****,,,....o..***
#....#...
**,,,.....o.##
##.......
*,,,,*#...ooO##
##.......
**,,***#...ooo#
#........ *,,,*
##..#g@## #........
**,** ##*###4##
##........ ***
##.#####........[
##.##.#...#.....
##.............
#........#.#...
##......#......
#....#.........
##.###..#......


You could see Jorgrun, a hellwing, an orc sorcerer, 2 orc warriors, an ogre, an
orc priest and 3 orcs.

Vanquished Creatures
  A two-headed ogre (D:10)
  4 death yaks (D:8)
  Pikel (D:7)
  An oklob plant (D:4)
  Joseph (D:7)
  3 polar bears (D:8)
  2 trolls
  Prince Ribbit (D:9)
  2 hippogriffs
  A shadow (D:8)
  A wyvern (D:9)
  A yak (D:8)
  A spriggan (D:7)
  2 humans (D:11)
  A steam dragon (D:11)
  A slave (D:7)
  6 orc warriors
  4 ice beasts
  5 sky beasts
  3 black bears
  2 eyes of draining (D:11)
  A necrophage (D:7)
  10 ogres
  4 centaurs
  A phantom (D:8)
  A wolf (D:8)
  A crocodile (D:8)
  3 bullfrogs
  3 big kobolds
  2 wyvern zombies (D:10)
  5 gnoll sergeants (D:11)
  A water moccasin zombie (D:8)
  12 killer bees
  An electric eel (D:8)
  4 crimson imps
  A bullfrog zombie (D:5)
  5 hounds
  2 jellies
  4 orc priests
  3 orc wizards
  3 bullfrog skeletons
  A centaur skeleton (D:8)
  4 iguanas
  6 worker ants
  2 centaur simulacra (D:8)
  A bullfrog simulacrum (D:8)
  A hound zombie (D:5)
  2 worker ant zombies
  9 gnolls
  11 adders
  2 hound simulacra (D:8)
  A shadow imp (D:11)
  A white imp (D:8)
  2 ufetubi (D:8)
  4 oozes (D:1)
  2 adder skeletons
  An adder zombie (D:5)
  4 worms
  3 dart slugs
  6 leopard geckos
  34 orcs
  2 ball pythons (D:1)
  9 giant cockroaches
  7 hobgoblins
  7 jackals
  3 quokkas
  2 bats (D:1)
  4 frilled lizards
  6 goblins
  9 kobolds
  A leopard gecko simulacrum (D:8)
  A leopard gecko skeleton (D:8)
  A quokka simulacrum (D:8)
  A quokka skeleton (D:5)
  11 rats
  A fungus (D:4)
  3 plants (D:4)
276 creatures vanquished.

Vanquished Creatures (collateral kills)
  A two-headed ogre (D:8)
  2 death yaks (D:8)
  An ugly thing (D:11)
  A troll (D:11)
  A wraith (D:10)
  A hell hound (Orc:2)
  An orc warrior (Orc:1)
  2 phantoms
  A sky beast (D:8)
  An ogre (Orc:1)
  A centaur (D:11)
  A crimson imp (D:4)
  3 orc priests
  2 jellies
  A worker ant (D:11)
  An adder (D:2)
  2 giant cockroaches (D:1)
  A rat (D:2)
24 creatures vanquished.

Vanquished Creatures (others)
  A slave (D:7)
  2 fungi (D:7)
  3 plants
  14 toadstools (D:4)
20 creatures vanquished.

Grand Total: 320 creatures vanquished

Notes
Turn   | Place    | Note
-------+----------+-------------------------------------------
     0 | D:1      | Hasart the Demigod Wizard began the quest for the Orb.
     0 | D:1      | Reached XP level 1. HP: 14/14 MP: 6/6
     1 | D:1      | Found a runed translucent door.
     4 | D:1      | Noticed a jelly
    37 | D:1      | Reached skill level 1 in Conjurations
   311 | D:1      | Reached XP level 2. HP: 7/20 MP: 0/8
   724 | D:1      | Learned a level 2 spell: Blink
   727 | D:1      | Learned a level 2 spell: Call Imp
   972 | D:1      | Reached skill level 1 in Summonings
  1405 | D:2      | Reached skill level 2 in Conjurations
  1405 | D:2      | Reached XP level 3. HP: 26/26 MP: 6/10
  1810 | D:2      | Learned a level 3 spell: Mephitic Cloud
  2445 | D:1      | Reached skill level 1 in Throwing
  2445 | D:1      | Reached XP level 4. HP: 14/33 MP: 5/11
  3430 | D:3      | Found a radiant altar of Vehumet.
  3694 | D:4      | Reached XP level 5. HP: 25/38 MP: 2/12
  3920 | D:4      | Reached skill level 3 in Conjurations
  3957 | D:4      | Noticed an orc warrior
  4555 | D:4      | You fall into a shaft and drop 3 floors!
  4563 | D:7      | Found a staircase to the Ecumenical Temple.
  4748 | D:7      | Noticed an ogre
  4763 | D:7      | Killed an ogre
  4763 | D:7      | Reached skill level 1 in Poison Magic
  4763 | D:7      | Reached XP level 6. HP: 45/45 MP: 2/14
  4901 | D:7      | Reached skill level 1 in Air Magic
  5208 | D:7      | Found Guym's Gadget Shoppe.
  5269 | D:7      | Found a stormy altar of Qazlal.
  5272 | D:7      | Found a blossoming altar of Fedhas.
  5324 | D:5      | Entered Level 5 of the Dungeon
  5344 | D:7      | Noticed Pikel
  5507 | D:5      | Reached XP level 7. HP: 50/50 MP: 2/15
  5658 | D:5      | Reached skill level 4 in Conjurations
  5882 | D:4      | Found a blossoming altar of Fedhas.
  6102 | D:4      | Noticed an oklob plant
  6509 | D:4      | Killed an oklob plant
  6681 | D:4      | Reached XP level 8. HP: 57/57 MP: 7/17
  6943 | D:5      | Found a sparkling altar of Nemelex Xobeh.
  7038 | D:5      | Learned a level 3 spell: Call Canine Familiar
  7101 | D:5      | Reached skill level 5 in Conjurations
  7692 | D:6      | Noticed a hippogriff
  7703 | D:6      | Killed a hippogriff
  7815 | D:6      | Found a glowing golden altar of the Shining One.
  8245 | D:7      | Got a warped arbalest
  8250 | D:7      | Identified the +9 arbalest of Extremism {freeze, Int+5}
                  | (You found it on level 7 of the Dungeon)
  8345 | D:7      | Found a sacrificial altar of Ru.
  8567 | D:7      | Reached skill level 6 in Conjurations
  8567 | D:7      | Reached XP level 9. HP: 62/62 MP: 9/19
  8774 | D:7      | Found an iron altar of Okawaru.
  8875 | D:7      | Noticed Joseph
  8893 | D:7      | Killed Pikel
  8909 | D:7      | Killed Joseph
  8909 | D:7      | Reached skill level 5 in Spellcasting
  9165 | D:8      | Noticed a death yak
  9407 | D:5      | Reached skill level 5 in Dodging
  9826 | D:8      | Reached skill level 7 in Conjurations
 10467 | D:8      | Reached skill level 5 in Summonings
 10467 | D:8      | Reached XP level 10. HP: 69/69 MP: 19/22
 10469 | D:8      | Noticed a two-headed ogre
 10492 | D:8      | Killed a two-headed ogre
 10492 | D:8      | Reached skill level 8 in Conjurations
 11251 | D:8      | Learned a level 4 spell: Summon Lightning Spire
 11754 | D:8      | Reached skill level 1 in Crossbows
 11842 | D:9      | Noticed Prince Ribbit
 12339 | D:9      | Noticed a death yak
 12616 | D:9      | Noticed a death yak
 12997 | D:9      | Reached skill level 9 in Conjurations
 13043 | D:9      | Killed Prince Ribbit
 13240 | D:9      | Found a staircase to the Lair.
 13408 | D:9      | You fall into a shaft and drop 1 floor!
 13408 | D:10     | Entered Level 10 of the Dungeon
 13683 | D:9      | Noticed a death yak
 13684 | D:9      | Noticed a death yak
 13685 | D:9      | Noticed a death yak
 13692 | D:9      | Noticed a death yak
 13727 | D:8      | Killed a death yak
 14187 | D:8      | Killed a death yak
 14376 | D:8      | Killed a death yak
 14695 | D:8      | Killed a death yak
 15247 | D:8      | Killed a death yak
 15394 | D:8      | Killed a death yak
 15658 | D:10     | Reached XP level 11. HP: 65/74 MP: 20/25
 15777 | D:10     | Noticed a two-headed ogre
 16148 | D:10     | Killed a two-headed ogre
 17216 | D:11     | Reached skill level 10 in Conjurations
 17552 | D:11     | Reached skill level 1 in Shields
 17786 | D:11     | Found an iron altar of Okawaru.
 17941 | D:11     | Found a staircase to the Orcish Mines.
 18765 | Orc:1    | Entered Level 1 of the Orcish Mines
 19049 | D:12     | Noticed a two-headed ogre
 19050 | D:12     | Noticed a two-headed ogre
 19649 | Orc:2    | Entered Level 2 of the Orcish Mines
 20438 | Orc:2    | Noticed Saint Roka
 20608 | D:7      | Bought a wand of digging (4) for 176 gold pieces
 20765 | Orc:1    | Found Okoxtael's Weapon Shoppe.
 20766 | Orc:1    | Noticed Jorgrun
 20778 | Orc:1    | HP: 3/74 [Jorgrun/uncursed staff of earth (1)]
 20779 | Orc:1    | Mangled by Jorgrun

Levels and vault maps discovered:
D:1:      dpeg_arrival_caged_fury, layout_basic
D:2:      layout_rooms, serial_corexii_hall, corexii_hall_statues_deadend,
          chequers_hall_statues_corner_a, corexii_hall_statues_l,
          corexii_hall_statues_s
D:3:      layout_basic, vehumet_crystals
D:4:      black_bear_nest_2, layout_rooms, tgw_fedhas
D:5:      layout_gridville, first_ration, nemelex_xobeh_ov_fountains_minmay
D:6:      layout_cave_pools, serial_column_ruins,
          column_ruins_courtyard_long_water, column_ruins_temple_circle,
          column_ruins_open_small, column_ruins_corridor_dead_end,
          column_ruins_grid_3, column_ruins_grid_1,
          column_ruins_columns_straight
D:7:      layout_cave_pods, lemuel_coloured_pillars_altar,
          grunt_temple_overflow_forces_of_nature, minmay_temple_entry_hall,
          serial_shops, nicolae_shop_crystal, small_statue_intersection,
          the_bakery, david_defended_altar_orc, uniq_pikel, uniq_joseph
D:8:      layout_loops_corners, serial_ice, serial_ice_n, serial_ice_b,
          serial_ice_i, serial_ice_d
D:9:      layout_rooms, dpeg_lair_monsters, uniq_prince_ribbit1
D:10:     layout_irregular_city
D:11:     layout_rooms, kennysheep_orc_monster_closet_entryway, okawaru_humans
D:12:     cheibrodos_monumental, layout_loops_ring, serial_shops,
          nicolae_shop_trees
Orc:1:    layout_caves, serial_shops, shop, uniq_jorgrun, uniq_maurice
Orc:2:    pubby_orc_utopia, uniq_azrael, uniq_urug, uniq_sonja, uniq_saint_roka

Skill      XL: |  1  2  3  4  5  6  7  8  9 10 11 |
---------------+----------------------------------+-----
Conjurations   | 1 2 3 4 6 7 9 10 | 10.5
Dodging        | 2 3 4 5 |  5.0
Summonings     | 1 2 3 4 5 6 7 |  7.0
Spellcasting   | 3 4 5 6 7 |  7.3
Throwing       | 1 2 3 |  3.0
Poison Magic   | 1 2 3 4 |  4.0
Air Magic      | 1 2 3 4 |  4.0
Crossbows      | 3 4 |  4.0
Shields        | 2 |  2.3
Stealth        | |  1.7
Translocations | |  0.8

Action                   |  1- 3 |  4- 6 |  7- 9 | 10-12 || total
-------------------------+-------+-------+-------+-------++-------
Melee: Unarmed           |    12 |       |       |       ||    12
       Short sword       |    90 |   119 |       |       ||   209
       Quarterstaff      |       |    13 |       |       ||    13
       Dagger            |       |     8 |   200 |   347 ||   555
 Fire: Arbalest          |       |       |    25 |     4 ||    29
Throw: Dart              |     4 |    15 |    12 |     3 ||    34
 Cast: Magic Dart        |    55 |   114 |   150 |   306 ||   625
       Call Imp          |     3 |     1 |     7 |       ||    11
       Mephitic Cloud    |       |    12 |    31 |    83 ||   126
       Blink             |       |       |     1 |     3 ||     4
       Call Canine Famil |       |       |     7 |    20 ||    27
       Summon Lightning  |       |       |       |    15 ||    15
Evoke: Wand              |       |       |     5 |     2 ||     7
  Use: Potion            |       |     1 |       |     1 ||     2
       Scroll            |       |       |     6 |     1 ||     7
 Stab: Sleeping          |     3 |     1 |     1 |     1 ||     6
       Confused          |       |     6 |    15 |    26 ||    47
       Distracted        |       |       |       |     4 ||     4
  Eat: Chunk             |     4 |    11 |    12 |    11 ||    38
       Ration            |       |       |     1 |     7 ||     8
Armor: Robe              |     1 |     2 |     2 |       ||     5
       Ring mail         |    45 |    49 |    55 |   145 ||   294
Dodge: Dodged            |    85 |   101 |   100 |   277 ||   563
Block: Buckler           |       |       |       |    41 ||    41

Table legend:
 A = Non-vault XP
 B = Vault XP
 C = Vault XP percentage of total XP
 D = Non-vault monster count
 E = Vault monster count
 F = Vault count percentage of total count
                 A         B        C        D         E       F
            +---------+---------+-------+---------+---------+-------
      Total |   10380 |    8826 |  46.0 |     211 |      84 |  28.5
            +---------+---------+-------+---------+---------+-------
        D:1 |      37 |      77 |  67.5 |      18 |      16 |  47.1
        D:2 |      52 |       0 |   0.0 |      16 |       0 |   0.0
        D:3 |      47 |       0 |   0.0 |      19 |       0 |   0.0
        D:4 |     304 |     625 |  67.3 |      14 |       2 |  12.5
        D:5 |     791 |       0 |   0.0 |      21 |       0 |   0.0
        D:6 |     685 |       0 |   0.0 |       7 |       0 |   0.0
        D:7 |     550 |    1152 |  67.7 |      11 |       6 |  35.3
        D:8 |    2735 |    4488 |  62.1 |      39 |      22 |  36.1
        D:9 |    1344 |     251 |  15.7 |      17 |       1 |   5.6
       D:10 |    1218 |       0 |   0.0 |       9 |       0 |   0.0
       D:11 |    2314 |    1604 |  40.9 |      33 |      22 |  40.0
       D:12 |      34 |     121 |  78.1 |       1 |       1 |  50.0
      Orc:1 |     269 |     383 |  58.7 |       6 |      12 |  66.7
      Orc:2 |       0 |     125 | 100.0 |       0 |       2 | 100.0
            +---------+---------+-------+---------+---------+-------
